 Dungeon Crawl Stone Soup version 0.29.0-4-gdea44cf6ec (webtiles) character file.

Game seed: 13218530617028613932

884 qw the Cleaver (level 8, -2/46 HPs)
             Began as a Tengu Warper on Aug 28, 2022.
             Was a Follower of Okawaru.
             Slain by an unseen horror (5 damage)
             ... on level 6 of the Dungeon.
             The game lasted 00:00:38 (6929 turns).

qw the Cleaver (Tengu Warper)                       Turns: 6929, Time: 00:00:39

Health: -2/46      AC: 15    Str: 13    XL:     8   Next: 5%
Magic:  12/12      EV:  5    Int: 13    God:    Okawaru [*.....]
Gold:   12         SH:  0    Dex: 15    Spells: 11/11 levels left

rFire   . . .      SeeInvis .   Y - +0 hand axe (flame)
rCold   . . .      Faith    .   (no shield)
rNeg    . . .      Spirit   .   h - +4 plate armour of Puad {+Blink Stlth+}
rPois   .          Reflect  .   (helmet restricted)
rElec   .          Harm     .   (no cloak)
rCorr   .          Rampage  .   (no gloves)
Will    .....                   (boots unavailable)
Stlth   ..........              (no amulet)
HPRegen 0.15/turn               (no ring)
MPRegen 0.13/turn               (no ring)

@: flying quickly and evasively, quick
A: beak, talons 3, nimble flight
a: Renounce Religion, Evoke Blink, Heroism


You were on level 6 of the Dungeon.
You worshipped Okawaru.
Okawaru was aware of your devotion.
You visited 2 branches of the dungeon, and saw 9 of its levels.

You collected 272 gold pieces.
You spent 260 gold pieces at shops.


Innate Abilities, Weirdness & Mutations

You have a beak for a mouth.
You have claws for feet.
Your magical nature lets you fly swiftly and evasively.


   Skills:
 - Level 3.3 Fighting
 + Level 8.9 Axes
 - Level 1.0 Throwing
 - Level 3.0 Armour
 - Level 2.1 Dodging
 - Level 2.0 Spellcasting
 - Level 2.4 Translocations
 + Level 0.5 Invocations


You had 11 spell levels left.
You didn't know any spells.
Your spell library contained the following spells:

 Spells                   Type           Power      Damage    Failure   Level
 Blink                    Tloc           14%        N/A       100%        2
 Gell's Gravitas          Tloc           7%         N/A       100%        3
 Lesser Beckoning         Tloc           7%         N/A       100%        3
 Teleport Other           Tloc           7%         N/A       100%        3
 Manifold Assault         Tloc           7%         N/A       100%        5

Inventory:

Hand Weapons
 Y - a +0 hand axe of flaming (weapon)
Armour
 h - the +4 plate armour of Puad (worn) {+Blink Stlth+}
   (You found it on level 2 of the Dungeon)

   +Blink:    It lets you blink.
   Stlth:     It makes you more stealthy.
Scrolls
 a - 4 scrolls of identify
 d - a scroll of teleportation
 f - a scroll of fear {unknown}
Potions
 b - a potion of haste
 c - a potion of curing
 e - 2 potions of mutation

Dungeon Overview and Level Annotations

Branches:
Dungeon (8/15)             Temple (1/1) D:5
   Lair: D:8-11

Altars:
Dithmenos
Elyvilon
Fedhas
Gozag
Hepliaklqana
Kikubaaqudgha
Makhleb
Nemelex Xobeh
Okawaru
Qazlal
Ru
Sif Muna
Trog
Uskayaw
Vehumet
Wu Jian
Xom
Yredelemnul
Zin
The Shining One

Shops:
D:3 *   D:5 ?


Message History

e - 2 potions of mutation (gained 1)
Something hits you but does no damage.
Deactivating autopickup; reactivate with Ctrl-A.
You hit something. You burn something. You peck something.
Your punch misses something. Something hits you but does no damage.
You closely miss something. Something hits you but does no damage.
You swing at nothing.
Something hits you.
You swing at nothing.
Something hits you but does no damage. x2
You hit something but do no damage.
Something hits you but does no damage. x2
You barely miss something. You claw something. Something hits you.
You hit something but do no damage. Something hits you.
You swing at nothing.
Something completely misses you.
You hit something but do no damage. Something hits you but does no damage.
Something hits you.
You barely miss something. Something hits you.
Something hits you but does no damage.
You miss something. Something hits you.
You swing at nothing.
Something hits you!
You miss something. You claw something. Something hits you but does no damage.
You swing at nothing.
Something hits you but does no damage.
You barely miss something. Something hits you! Something hits you.
You barely miss something. You claw something. Your peck misses something.
Something hits you.
You swing at nothing.
You completely miss something. Something hits you.
You die...

#########.####.#
#.# #.#
########.# #.#
#........#
#.######
#.########
#......# #..##
######.# #...#
#.# #.#.### #.#
#.#@..# #.#
###.#.# #.#
#...# #.# #.#.#
... #...# ...
#.# # ... #..
.... #.#


There were no monsters in sight!

Vanquished Creatures
  An ogre (D:5)
  3 bullfrogs
  A gnoll sergeant (D:6)
  A jelly (D:5)
  3 howler monkeys (D:7)
  3 hounds
  An iguana (D:6)
  An orc wizard (D:5)
  Robin (D:2)
  9 gnolls
  4 adders
  A white imp (D:6)
  5 dart slugs
  7 orcs
  7 ball pythons
  8 bats
  7 endoplasms
  5 giant cockroaches
  12 hobgoblins
  A jackal (D:1)
  5 kobolds
  3 quokkas
  4 frilled lizards
  11 goblins
  4 rats
108 creatures vanquished.

Notes
Turn   | Place    | Note
-------+----------+-------------------------------------------
     0 | D:1      | qw the Tengu Warper began the quest for the Orb.
     0 | D:1      | Reached XP level 1. HP: 12/12 MP: 4/4
     0 | D:1      | 0 ||| qw: Version: 0.1-a-89-g26bdef1
     0 | D:1      | 0 ||| qw: Game counter: 1369
     0 | D:1      | 0 ||| qw: Always use a shield: true
     0 | D:1      | 0 ||| qw: God list: Okawaru
     0 | D:1      | 0 ||| qw: Allow faded altars: false
     0 | D:1      | 0 ||| qw: Do Orc after D:15 true
     0 | D:1      | 0 ||| qw: Do second Lair branch before Depths: true
     0 | D:1      | 0 ||| qw: Lair rune preference: random
     0 | D:1      | 0 ||| qw: Plans: Normal
     0 | D:1      | 0 ||| PLANNING D:1-11
    60 | D:1      | 60 ||| Stepping ~*~*~tactically~*~*~ (stealth).
    74 | D:1      | 74 ||| Stepping ~*~*~tactically~*~*~ (stealth).
    89 | D:1      | 89 ||| Stepping ~*~*~tactically~*~*~ (stealth).
    95 | D:1      | 95 ||| Stepping ~*~*~tactically~*~*~ (hiding).
   104 | D:1      | 104 ||| Stepping ~*~*~tactically~*~*~ (stealth).
   105 | D:1      | 105 ||| Stepping ~*~*~tactically~*~*~ (stealth).
   109 | D:1      | Reached skill level 3 in Axes
   109 | D:1      | Reached XP level 2. HP: 17/17 MP: 6/6
   110 | D:1      | 110 ||| Stepping ~*~*~tactically~*~*~ (hiding).
   212 | D:1      | 212 ||| Stepping ~*~*~tactically~*~*~ (hiding).
   314 | D:1      | 314 ||| Stepping ~*~*~tactically~*~*~ (hiding).
   499 | D:1      | Reached XP level 3. HP: 13/21 MP: 7/7
   853 | D:1      | Reached skill level 4 in Axes
  1267 | D:1      | 1267 ||| DROPPING orb of mayhem.
  1268 | D:1      | 1268 ||| DROPPING scarf of invisibility.
  1269 | D:1      | 1269 ||| READING scroll labelled TIYMEV XECEUT.
  1397 | D:1      | 1397 ||| READING scroll labelled POCHEUSAOK.
  1398 | D:1      | 1398 ||| READING scroll labelled MAKUNI LEOXUA.
  1399 | D:1      | 1399 ||| READING scroll labelled HOEDOD IRUMO.
  1400 | D:1      | 1400 ||| READING scroll labelled ANILURCH PABOL.
  1401 | D:1      | 1401 ||| DROPPING +0 whip.
  1402 | D:1      | 1402 ||| DRINKING 2 bubbling orange potions.
  1403 | D:1      | 1403 ||| DROPPING scroll of blinking.
  1562 | D:2      | 1562 ||| Stepping ~*~*~tactically~*~*~ (stealth).
  1566 | D:2      | Identified the +1 ring mail of the Known World {MP+9 Str+4}
  1569 | D:2      | 1569 ||| Stepping ~*~*~tactically~*~*~ (stealth).
  1570 | D:2      | Noticed Robin
  1575 | D:2      | HP: 3/21 [Robin/+6 club (3)]
  1576 | D:2      | 1576 ||| DRINKING potion of heal wounds.
  1578 | D:2      | Killed Robin
  1579 | D:2      | Reached XP level 4. HP: 8/26 MP: 8/8
  1584 | D:2      | 1584 ||| FLEEEEING.
  1585 | D:2      | 1585 ||| FLEEEEING.
  1586 | D:2      | 1586 ||| FLEEEEING.
  1587 | D:2      | 1587 ||| FLEEEEING.
  1588 | D:2      | 1588 ||| FLEEEEING.
  1589 | D:2      | 1589 ||| FLEEEEING.
  1590 | D:2      | 1590 ||| FLEEEEING.
  1591 | D:2      | 1591 ||| FLEEEEING.
  1592 | D:2      | 1592 ||| FLEEEEING.
  1593 | D:2      | 1593 ||| FLEEEEING.
  1594 | D:2      | 1594 ||| FLEEEEING.
  1595 | D:2      | 1595 ||| FLEEEEING.
  1596 | D:2      | 1596 ||| FLEEEEING.
  1597 | D:2      | 1597 ||| FLEEEEING.
  1598 | D:2      | 1598 ||| FLEEEEING.
  1599 | D:2      | 1599 ||| FLEEEEING.
  1600 | D:2      | 1600 ||| FLEEEEING.
  1602 | D:2      | 1602 ||| FLEEEEING.
  1603 | D:2      | 1603 ||| FLEEEEING.
  1604 | D:2      | 1604 ||| STAIRDANCE
  2002 | D:2      | 2002 ||| Stepping ~*~*~tactically~*~*~ (stealth).
  2004 | D:2      | 2004 ||| Stepping ~*~*~tactically~*~*~ (stealth).
  2058 | D:2      | Reached skill level 5 in Axes
  2135 | D:2      | Found a faded altar of an unknown god.
  2327 | D:2      | Identified the +4 plate armour of Puad {+Blink Stlth+}
  2686 | D:2      | 2686 ||| UPGRADING to +1 ring mail of the Known World {MP+9
                  | Str+4}.
  2696 | D:2      | 2696 ||| DROPPING +0 leather armour.
  2697 | D:2      | 2697 ||| UPGRADING to +0 chain mail.
  2707 | D:2      | 2707 ||| DROPPING +1 ring mail of the Known World {MP+9
                  | Str+4}.
  2708 | D:2      | 2708 ||| UPGRADING to +4 plate armour of Puad {+Blink
                  | Stlth+}.
  2718 | D:2      | 2718 ||| DROPPING +0 chain mail.
  2767 | D:2      | 2767 ||| READING scroll labelled VIVIUHYSOH.
  2768 | D:2      | 2768 ||| READING scroll labelled WIORHEGIUPS.
  2769 | D:2      | 2769 ||| READING scroll labelled RYROIH NACZUKK.
  2770 | D:2      | 2770 ||| READING scroll labelled CECHEH IGEOLIK.
  2771 | D:2      | 2771 ||| DRINKING 2 dark potions.
  2772 | D:2      | 2772 ||| Stepping randomly (stuck).
  2773 | D:2      | 2773 ||| Stepping ~*~*~tactically~*~*~ (cloud).
  2778 | D:2      | HP: 6/26 [poisoned by you (poison gas)]
  2782 | D:2      | HP: 2/26 [poisoned by you (poison gas)]
  3102 | D:3      | Found Liashreul's Assorted Antiques.
  3136 | D:3      | 3136 ||| BUYING scroll of identify (46 gold).
  3136 | D:3      | Bought a scroll of identify for 46 gold pieces
  3136 | D:3      | 3136 ||| BUYING scroll of identify (46 gold).
  3136 | D:3      | Bought a scroll of identify for 46 gold pieces
  3229 | D:3      | Noticed a bullfrog
  3247 | D:3      | Killed a bullfrog
  3248 | D:3      | Gained mutation: Your magical nature lets you fly swiftly
                  | and evasively. [Tengu growth]
  3248 | D:3      | Reached XP level 5. HP: 19/30 MP: 9/9
  3272 | D:3      | 3272 ||| FLEEEEING.
  3370 | D:3      | 3370 ||| Stepping ~*~*~tactically~*~*~ (stealth).
  3532 | D:3      | Reached skill level 6 in Axes
  3577 | D:3      | 3577 ||| Stepping ~*~*~tactically~*~*~ (stealth).
  4007 | D:3      | 4007 ||| DROPPING +6 ring of intelligence.
  4008 | D:3      | 4008 ||| READING scroll labelled MEFAOS HIKAA.
  4012 | D:3      | 4012 ||| READING 3 scrolls of identify.
  4012 | D:3      | 4012 ||| IDENTIFYING brown potion
  4013 | D:3      | 4013 ||| READING 2 scrolls of identify.
  4013 | D:3      | 4013 ||| IDENTIFYING sapphire potion
  4014 | D:3      | 4014 ||| DROPPING potion of ambrosia.
  4060 | D:4      | 4060 ||| FLEEEEING.
  4062 | D:4      | 4062 ||| STAIRDANCE
  4069 | D:3      | HP: 7/30 [poisoned by a kobold]
  4309 | D:4      | 4309 ||| STAIRDANCE
  4436 | D:4      | 4436 ||| Stepping ~*~*~tactically~*~*~ (hiding).
  4448 | D:4      | Reached XP level 6. HP: 11/35 MP: 10/10
  4983 | D:4      | 4983 ||| Stepping ~*~*~tactically~*~*~ (stealth).
  5372 | D:4      | 5372 ||| DRINKING 2 clear potions.
  5402 | D:4      | 5402 ||| READING 4 scrolls of identify.
  5402 | D:4      | 5402 ||| IDENTIFYING smoky purple potion
  5403 | D:4      | 5403 ||| READING 3 scrolls of identify.
  5403 | D:4      | 5403 ||| IDENTIFYING orange potion
  5404 | D:4      | 5404 ||| READING 2 scrolls of identify.
  5404 | D:4      | 5404 ||| IDENTIFYING pink potion
  5405 | D:4      | 5405 ||| DROPPING potion of invisibility.
  5406 | D:4      | 5406 ||| DROPPING potion of flight.
  5407 | D:4      | 5407 ||| DROPPING potion of lignification.
  5415 | D:5      | Entered Level 5 of the Dungeon
  5472 | D:5      | Reached skill level 7 in Axes
  5619 | D:5      | Found a staircase to the Ecumenical Temple.
  5620 | D:5      | 5620 ||| PLANNING TEMPLE
  5628 | D:5      | 5628 ||| DRINKING potion of curing.
  5628 | D:5      | 5628 ||| (to cure confusion)
  5840 | D:5      | 5840 ||| DROPPING ring of wizardry.
  5841 | D:5      | 5841 ||| READING scroll labelled EKHLAAKHINK.
  5858 | D:5      | Reached skill level 3 in Armour
  5867 | D:5      | Reached XP level 7. HP: 19/40 MP: 11/11
  5874 | D:5      | 5874 ||| FLEEEEING.
  5875 | D:5      | 5875 ||| FLEEEEING.
  5876 | D:5      | 5876 ||| FLEEEEING.
  5893 | D:5      | 5893 ||| FLEEEEING.
  5895 | D:5      | 5895 ||| STAIRDANCE
  6047 | Temple   | Entered the Ecumenical Temple
  6113 | Temple   | Became a worshipper of Warmaster Okawaru
  6210 | Temple   | 6210 ||| PLANNING D:1-11
  6252 | D:5      | Found Xomen's Magic Scroll Shoppe.
  6261 | D:5      | 6261 ||| BUYING 2 scrolls of identify (56 gold).
  6261 | D:5      | Bought 2 scrolls of identify for 56 gold pieces
  6261 | D:5      | 6261 ||| BUYING scroll of identify (28 gold).
  6261 | D:5      | Bought a scroll of identify for 28 gold pieces
  6261 | D:5      | 6261 ||| BUYING scroll of teleportation (42 gold).
  6261 | D:5      | Bought a scroll of teleportation for 42 gold pieces
  6261 | D:5      | 6261 ||| BUYING scroll of teleportation (42 gold).
  6261 | D:5      | Bought a scroll of teleportation for 42 gold pieces
  6261 | D:5      | 6261 ||| SHOPLISTING scroll of teleportation (42 gold, have
                  | 5).
  6264 | D:5      | You are sucked into a shaft and drop 3 floors!
  6265 | D:8      | 6265 ||| READING 6 scrolls of identify.
  6265 | D:8      | 6265 ||| IDENTIFYING bubbling silvery potion
  6266 | D:8      | 6266 ||| READING 5 scrolls of identify.
  6266 | D:8      | 6266 ||| IDENTIFYING metallic grey potion
  6267 | D:8      | 6267 ||| DROPPING potion of attraction.
  6268 | D:8      | 6268 ||| DROPPING potion of berserk rage.
  6277 | D:8      | Reached skill level 3 in Fighting
  6434 | D:7      | Reached skill level 8 in Axes
  6586 | D:6      | 6586 ||| Stepping ~*~*~tactically~*~*~ (hiding).
  6593 | D:6      | Reached * piety under Okawaru
  6600 | D:6      | 6600 ||| INVOKING Heroism.
  6604 | D:6      | 6604 ||| Stepping ~*~*~tactically~*~*~ (hiding).
  6615 | D:6      | 6615 ||| INVOKING Heroism.
  6628 | D:6      | HP: 9/41 [gnoll sergeant/+0 spear (9)]
  6629 | D:6      | 6629 ||| READING 2 scrolls of teleportation.
  6632 | D:6      | Reached XP level 8. HP: 10/46 MP: 9/12
  6926 | D:6      | HP: 11/46 [something (8)]
  6927 | D:6      | HP: 3/46 [something (3)]
  6929 | D:6      | Slain by an unseen horror

Levels and vault maps discovered:
D:1:      lightli_iron_boxes, layout_loops_cross, minmay_hexomino_u4
D:2:      layout_basic, shapermc_ecumenical_altar_totnotflames, uniq_robin
D:3:      layout_loops_ring, serial_shops, shop, grunt_decor_mini_mirrors,
          minmay_misc_feat_rugged, hangedman_decor_clover_reticule, st_stairs_7
D:4:      layout_gridville, hangedman_abyss_or_decor_stabs, grunt_ministairs_9
D:5:      kennysheep_slugbush, layout_gridville, kennysheep_slug_shrine,
          minmay_temple_entry_water_ring, serial_shops, kennysheep_mini_moat,
          uniq_sigmund
D:6:      layout_loops_ring, hangedman_minor_gate_pass
D:7:      layout_loops_ring, mainiacjoe_overflow_alcove_2, nicolae_wand_duel,
          hangedman_abyss_or_decor_stagger
D:8:      layout_basic, serial_shops, shop_fountains, chequers_garden
Temple:   nicolae_temple_slightly_damp_pantheon

Skill      XL: |  1  2  3  4  5  6  7 |
---------------+----------------------+-----
Axes           | 3 4 5 6 7 8 |  8.9
Armour         | 2 3 |  3.0
Fighting       | 3 |  3.3
Throwing       | |  1.0
Dodging        | |  2.1
Spellcasting   | |  2.0
Translocations | |  2.4
Invocations    | |  0.5

Action                   |  1- 3 |  4- 6 |  7- 9 || total
-------------------------+-------+-------+-------++-------
Melee: Hand axe          |    60 |   137 |    87 ||   284
       Kick              |    13 |    44 |    20 ||    77
       Peck              |    11 |    21 |    14 ||    46
       Punch             |       |     3 |     3 ||     6
Throw: Boomerang         |     7 |     6 |     2 ||    15
Invok: Heroism           |       |       |     2 ||     2
  Use: Scroll            |     5 |    11 |     3 ||    19
       Potion            |     2 |     3 |       ||     5
Armor: Leather armour    |    15 |     8 |       ||    23
       Plate armour      |       |    98 |    60 ||   158
Dodge: Dodged            |    32 |    28 |    15 ||    75

Table legend:
 A = Non-vault XP
 B = Vault XP
 C = Vault XP percentage of total XP
 D = Non-vault monster count
 E = Vault monster count
 F = Vault count percentage of total count
                 A         B        C        D         E       F
            +---------+---------+-------+---------+---------+-------
      Total |    1107 |     157 |  12.4 |      84 |      24 |  22.2
            +---------+---------+-------+---------+---------+-------
        D:1 |      40 |      12 |  23.1 |      16 |       5 |  23.8
        D:2 |      31 |      36 |  53.7 |      10 |      13 |  56.5
        D:3 |      58 |      98 |  62.8 |      25 |       2 |   7.4
        D:4 |      79 |       3 |   3.7 |      10 |       2 |  16.7
        D:5 |     278 |       8 |   2.8 |       8 |       2 |  20.0
        D:6 |     235 |       0 |   0.0 |       8 |       0 |   0.0
        D:7 |     293 |       0 |   0.0 |       6 |       0 |   0.0
        D:8 |      93 |       0 |   0.0 |       1 |       0 |   0.0
            +---------+---------+-------+---------+---------+-------
